[Event "Championnat du monde jeunes U10"]
[Date "2024.11.24"]
[White "Thorulsley, Kairaav"]
[Black "Barsov, Mikhail"]
[WhiteElo "1520"]
[BlackElo "1668"]
[Round "9.10"]
[Result "0-1"]
[TimeControl "5400+30"]

1. d4 d5 2. Nc3 Nf6 3. Bf4 e6 4. e3 Bb4 5. Bd3 c5 6. dxc5 Nbd7 7. Ne2 a6 8. a3 Bxc5 9. Bg5 h6 10. Bxf6 Nxf6 11. O-O O-O 12. Nf4 b5 13. Qd2 Bb7 14. Nfe2 e5 15. Ng3 Qc7 16. e4 d4 17. Nce2 Rfe8 18. Kh1 Rad8 19. f3 Bf8 20. Nf5 Nd7 21. Rac1 Nc5 22. Kg1 Kh7 23. Rfd1 g6 24. Nfg3 Be7 25. Rb1 Bg5 26. Qe1 Kg7 27. Kh1 h5 28. Nf1 h4 29. h3 Rh8 30. Nh2 Bc8 31. Nf1 Be6 32. b4 Na4 33. Kh2 Rc8 34. Kh1 Qe7 35. Kh2 Nc3 36. Nxc3 Rxc3 37. Ra1 Rhc8 38. Qe2 Bc4 39. Qe1 Qc7 40. Kh1 Bxd3 41. cxd3 Rb3 42. Ra2 Qc3 43. Nd2 Rxa3 44. Rxa3 Qxa3 45. Rb1 Qxd3 46. Nb3 Be7 47. Rb2 Rc3 48. Nc1 Qc4 49. Na2 Re3 50. Qd2 Qf1+ 51. Kh2 Re1 52. Qxe1 Qxe1 53. Rb3 Bg5 54. f4 Bxf4+ 55. g3 Bxg3+ 56. Rxg3 hxg3+ 57. Kg2 Qf2+ 58.
Kh1 g2+ 59. Kh2 0-1

[Variant "Standard"]
[Site "Europe Echecs"]

[Event "Championnat du monde jeunes U10"]
[Date "2024.11.24"]
[White "Vydra, David"]
[Black "Zilincan, Tomas"]
[WhiteElo "1615"]
[BlackElo "1778"]
[Round "9.11"]
[Result "1/2-1/2"]
[TimeControl "5400+30"]

1. e4 e6 2. d4 d5 3. Nc3 Nf6 4. Bg5 dxe4 5. Nxe4 Be7 6. Nxf6+ Bxf6 7. Bxf6 Qxf6 8. Nf3 O-O 9. Bd3 c5 10. Qd2 cxd4 11. Ng5 h6 12. Ne4 Qe5 13. O-O-O b5 14. g4 Bb7 15. f4 Qd5 16. Rhg1 Qxa2 17. Qf2 Qa1+ 18. Kd2 Qa5+ 19. Ke2 Na6 20. g5 Bxe4 21. Bxe4 h5 22. Bxa8 Rxa8 23. Qxd4 g6 24. Qf6 Nb4 25. Rd7 Rf8 26. f5 exf5 27. Rgd1 Qa2 28. Rd8 Qc4+ 29. Kf2 Qf4+ 30. Kg1 Qe3+ 31. Kg2 Qe2+ 32. Kg1 1/2-1/2

[Variant "Standard"]
[Site "Europe Echecs"]

[Event "Championnat du monde jeunes U10"]
[Date "2024.11.24"]
[White "Prokhorov, Makar"]
[Black "Wang, Yuwei"]
[WhiteElo "1771"]
[BlackElo "1576"]
[Round "9.12"]
[Result "0-1"]
[TimeControl "5400+30"]

1. e4 c5 2. Nf3 Nc6 3. d4 cxd4 4. Nxd4 Nf6 5. Nc3 e6 6. Be3 Bb4 7. Bd3 d5 8. Nxc6 bxc6 9. exd5 Bxc3+ 10. bxc3 Qxd5 11. O-O O-O 12. c4 Qa5 13. Qf3 Ba6 14. Bd4 e5 15. Qf5 Rfe8 16. Rfe1 Qa4 17. Bxe5 Bxc4 18. Bxf6 Bxd3 19. cxd3 gxf6 20. Qxf6 Qxa2 21. Qxc6 Rxe1+ 22. Rxe1 Rd8 23. Qf6 Qa5 24. g3 Qxe1+ 25. Kg2 0-1

[Variant "Standard"]
[Site "Europe Echecs"]

[Event "Championnat du monde jeunes U10"]
[Date "2024.11.24"]
[White "Tamiolakis, Grigorios"]
[Black "Santoro, Marco Antonio"]
[WhiteElo "1591"]
[BlackElo "1765"]
[Round "9.13"]
[Result "0-1"]
[TimeControl "5400+30"]

1. d4 d5 2. c4 e6 3. Nf3 c6 4. Bg5 Be7 5. Bxe7 Qxe7 6. e3 Nf6 7. cxd5 exd5 8. Nc3 O-O 9. Bd3 Bg4 10. O-O Nbd7 11. h3 Bh5 12. Re1 Ne4 13. Qc2 f5 14. Nd2 Qh4 15. Ndxe4 fxe4 16. Bf1 Rf7 17. g3 Qf6 18. Bg2 Raf8 19. Rf1 Qe7 20. Ne2 Bxe2 21. Qxe2 Qe6 22. a4 Nb8 23. Qc2 Na6 24. Qc3 Qe7 25. b3 Nb4 26. Rad1 Nd3 27. Rxd3 exd3 28. Qxd3 Re8 29. Qc3 Qd7 30. b4 h6 31. Qb3 Rd8 32. Rd1 Kh8 33. Bf1 a6 34. Kg2 Qf5 35. Rd2 g5 36. Bd3 Qf6 37. a5 Kg7 38. Bc2 Rdf8 39. g4 Qf3+ 40. Kh2 h5 41. Bd1 Qxf2+ 42. Rxf2 Rxf2+ 43. Kh1 Rf1+ 44. Kh2 R8f2+ 45. Kg3 h4# 0-1

[Variant "Standard"]
[Site "Europe Echecs"]

[Event "Championnat du monde jeunes U10"]
[Date "2024.11.24"]
[White "Sander, Tino"]
[Black "Novac, Daniil"]
[WhiteElo "1736"]
[BlackElo "1594"]
[Round "9.14"]
[Result "1-0"]
[TimeControl "5400+30"]

1. e4 e5 2. Nf3 Nc6 3. Bc4 Bc5 4. c3 Nf6 5. d4 exd4 6. e5 d5 7. Bb5 Ne4 8. cxd4 Bb6 9. Nc3 Nxc3 10. bxc3 a6 11. Bd3 Bg4 12. h3 Bh5 13. Be3 Qd7 14. g4 Bg6 15. Nh4 Ba5 16. Qc2 Bxd3 17. Qxd3 O-O-O 18. f4 Qe7 19. Nf5 Qa3 20. Bd2 g6 21. Nh6 Qe7 22. Qg3 f6 23. Ke2 fxe5 24. fxe5 Nxd4+ 25. cxd4 Bxd2 26. Kxd2 Qg5+ 27. Qe3 Qe7 28.
Raf1 Qb4+ 29. Qc3 Qb5 30. a4 Qxa4 31. Nf7 Qa2+ 32. Kc1 b5 33. Nxh8 b4 34. Qb2 Qc4+ 35. Kb1 a5 36. Nf7 a4 37. Nd6+ Rxd6 38. exd6 a3 39. Qc2 a2+ 40. Qxa2 1-0

[Variant "Standard"]
[Site "Europe Echecs"]

[Event "Championnat du monde jeunes U10"]
[Date "2024.11.24"]
[White "Roth, Elai"]
[Black "Orsi, Andrea"]
[WhiteElo "1577"]
[BlackElo "1728"]
[Round "9.15"]
[Result "1-0"]
[TimeControl "5400+30"]

1. e4 e5 2. Nf3 Nc6 3. Bc4 Bc5 4. O-O Nf6 5. d4 exd4 6. e5 d5 7. exf6 dxc4 8. fxg7 Rg8 9. Bg5 Qd5 10. Re1+ Be6 11. Nc3 Qf5 12. Ne4 Be7 13. Bxe7 Kxe7 14. Nxd4 Nxd4 15. Qxd4 Rad8 16. Ng3 Qxc2 17. Qc5+ Ke8 18. Nh5 Qg6 19. Qe5 Ke7 20. Qxc7+ Rd7 21. Qc5+ Ke8 22. Qe5 Ke7 23. Rad1 Rxd1 24. Rxd1 1-0

[Variant "Standard"]
[Site "Europe Echecs"]

[Event "Championnat du monde jeunes U10"]
[Date "2024.11.24"]
[White "Aghoyan, Gevorg"]
[Black "Veber, Tibor"]
[WhiteElo "1682"]
[BlackElo "1532"]
[Round "9.16"]
[Result "1-0"]
[TimeControl "5400+30"]

1. e4 e5 2. Nf3 Nf6 3. Nxe5 d6 4. Nf3 Nxe4 5. Nc3 Nxc3 6. dxc3 Be7 7. Be3 Nc6 8. Qd2 O-O 9. O-O-O Be6 10. Kb1 Bf6 11. h3 Ne5 12. Nxe5 dxe5 13. Bd3 Qe7 14. g4 g6 15. f3 Rad8 16. Qe2 b6 17. h4 c5 18. g5 Bg7 19. h5 Rd7 20. Rdf1 Rc7 21. hxg6 fxg6 22. Qh2 Bh8 23. Bxg6 Bf5 24. Bxf5 Rxf5 25. g6 Rd7 26. gxh7+ Qxh7 27. Rfg1+ 1-0

[Variant "Standard"]
[Site "Europe Echecs"]

[Event "Championnat du monde jeunes U10"]
[Date "2024.11.24"]
[White "Pierloot, Siebe"]
[Black "Della Penna, Leonardo"]
[WhiteElo "1573"]
[BlackElo "1675"]
[Round "9.17"]
[Result "0-1"]
[TimeControl "5400+30"]

1. e4 c5 2. Nf3 d6 3. d4 cxd4 4. Nxd4 Nf6 5. Nc3 a6 6. Be3 e5 7. Nf3 Qc7 8. Be2 Be7 9. O-O O-O 10. Qd3 b5 11. a3 Rd8 12. Rad1 Nbd7 13. Rfe1 Bb7 14. Nd2 Nc5 15. Bxc5 dxc5 16. Qf3 c4 17. Qg3 Bc6 18. f3 Bd7 19. Kh1 Be6 20. h3 Nh5 21. Qh2 Bh4 22. Rf1 Ng3+ 23. Kg1 Nxf1 24. Kxf1 Qa7 25. Qg1 Qxg1+ 0-1

[Variant "Standard"]
[Site "Europe Echecs"]

[Event "Championnat du monde jeunes U10"]
[Date "2024.11.24"]
[White "Youn, Laeho"]
[Black "Golya, David"]
[WhiteElo "1520"]
[BlackElo "1672"]
[Round "9.18"]
[Result "1-0"]
[TimeControl "5400+30"]

1. e4 c5 2. Nf3 Nc6 3. c3 d5 4. exd5 Qxd5 5. d4 cxd4 6. cxd4 e5 7. Nc3 Bb4 8. Be3 Bg4 9. Be2 O-O-O 10. O-O Bxc3 11. bxc3 e4 12. Ne5 Nxe5 13. Bxg4+ Nd7 14. c4 Qd6 15. c5 Qf8 16. d5 f5 17. Bh3 Ne7 18. c6 bxc6 19. dxc6 Nxc6 20. Rc1 Ne5 21. Qa4 Kd7 22. Bg5 Rc8 23. Qxe4 g6 24. Rfd1+ Ke8 25. Rxc6 fxe4 26. Rxc8+ Kf7 27. Rxf8+ Rxf8 28. Rd8 Rxd8 29. Bxd8 Nc6 30. Bg5 Nb4 31. Bd2 Nd5 32. g3 Kf6 33. Kf1 Ke5 34. Ke2 Nb6 35. Be3 Kd5 36. Bxb6 axb6 37. Ke3 g5 38. Bg2 h6 39. Bxe4+ Kc4 40. Bh7 b5 41. Ke4 1-0

[Variant "Standard"]
[Site "Europe Echecs"]

[Event "Championnat du monde jeunes U10"]
[Date "2024.11.24"]
[White "Radovic, Koca"]
[Black "Kaloh, Edvard"]
[WhiteElo "1626"]
[BlackElo "1506"]
[Round "9.19"]
[Result "0-1"]
[TimeControl "5400+30"]

1. d4 Nf6 2. Nf3 g6 3.
e3 Bg7 4. Bd3 O-O 5. O-O b6 6. b3 Bb7 7. Bb2 d6 8. Nbd2 c5 9. Re1 Nbd7 10. e4 cxd4 11. Bxd4 Rc8 12. Rc1 Nc5 13. b4 Nxd3 14. cxd3 Qd7 15. Nf1 Ba6 16. Qd2 Qb5 17. Rcd1 Rc7 18. e5 dxe5 19. Rxe5 Qd7 20. Re2 Rfc8 21. Qe1 e6 22. Ne5 Qxd4 23. Nf3 Qd6 24. Ne5 Rc2 25. Nc4 Rxe2 26. Qxe2 Bxc4 27. dxc4 Qxb4 28. Rd4 Qc5 29.
Qd2 Nd5 30. Re4 Nc3 31. Rf4 e5 32. Rh4 Bf6 33. Rh3 Qxc4 34. Qh6 0-1

[Variant "Standard"]
[Site "Europe Echecs"]

[Event "Championnat du monde jeunes U10"]
[Date "2024.11.24"]
[White "Vukashinovikj, Jovan"]
[Black "Kalinichenko, German Yu"]
[WhiteElo "1454"]
[BlackElo "1621"]
[Round "9.20"]
[Result "0-1"]
[TimeControl "5400+30"]

1. e4 e5 2. Nf3 Nc6 3. Bc4 Nf6 4. d4 exd4 5. O-O Nxe4 6. Nc3 Nxc3 7. bxc3 d5 8. Bb5 Be7 9. Nxd4 Bd7 10. Re1 O-O 11. Bd3 Bf6 12. Be3 Ne5 13. Bf5 Nc4 14. Qf3 Bxf5 15. Qxf5 c5 16. Nb3 Bxc3 17. Bxc5 Bxe1 18. Bxf8 Bc3 19. Rd1 Qxf8 20. Qxd5 Rc8 21. Rd3 Qe7 22. h3 Qe1+ 23. Kh2 Be5+ 24. g3 Qxf2+ 25. Kh1 h6 26. Rf3 Qe1+ 27. Kh2 Nd6 28. Nc5 Qe2+ 29. Kh1 Rxc5 30. Qxc5 Qxf3+ 31. Kg1 Qxg3+ 32. Kf1 Qxh3+ 33. Ke2 Qg4+ 34.
Kf1 Bd4 35. Qxd6 Qf3+ 36. Ke1 Bf2+ 37.
Kd2 Qe3+ 38. Kd1 Qe1# 0-1

[Variant "Standard"]
[Site "Europe Echecs"]

[Event "Championnat du monde jeunes U10"]
[Date "2024.11.25"]
[White "Shogdzhiev, Roman"]
[Black "Nguyen Quang Anh"]
[WhiteElo "2202"]
[BlackElo "1889"]
[Round "10.1"]
[Result "1-0"]
[TimeControl "5400+30"]

1. e4 e6 2. d4 d5 3. Nc3 Bb4 4. e5 c5 5. a3 Bxc3+ 6. bxc3 Nc6 7. Qg4 g6 8. a4 Qa5 9. Bd2 c4 10. Nf3 Bd7 11. Qf4 h6 12. h4 Rh7 13. g3 O-O-O 14. Bg2 Rf8 15. O-O Rg7 16. Qe3 Nce7 17. Qe1 Nc6 18. Qc1 Rh7 19. Nh2 g5 20. hxg5 hxg5 21. Qa3 Nce7 22. Bxg5 f6 23. exf6 Nxf6 24. Nf3 Qd8 25. Ne5 Ne4 26. Bxe7 Rxe7 27. Bxe4 dxe4 28. Qc5+ Kb8 29. Ng6 Ref7 30. Nxf8 Rxf8 31. d5 exd5 32. Qxd5 Bg4 33. Qxd8+ Rxd8 34. f4 exf3 35. Rae1 Rc8 36. a5 Bh5 37. Re5 Rh8 38. Rg5 Be8 39. Rxf3 Bc6 40. Rf7 a6 41. Kf2 Rh2+ 42. Ke3 Rxc2 43. Rg8+ Ka7 44. Rff8 b5 45. Rg7+ Bb7 46. Rff7 1-0

[Variant "Standard"]
[Site "Europe Echecs"]

[Event "Championnat du monde jeunes U10"]
[Date "2024.11.25"]
[White "Anand, Tsogtbileg"]
[Black "Llari, Marc"]
[WhiteElo "1974"]
[BlackElo "2201"]
[Round "10.2"]
[Result "1/2-1/2"]
[TimeControl "5400+30"]

1. c4 c5 2. Nc3 Nc6 3. g3 g6 4. Bg2 Bg7 5. Nf3 e6 6. d4 Nxd4 7. Nxd4 cxd4 8. Nb5 Qb6 9. e3 a6 10. Nxd4 Qb4+ 11. Qd2 Qxc4 12. b3 Qc7 13. Bb2 Nf6 14. Ba3 Bf8 15. Rc1 Qb6 16. Bb2 Bb4 17. Bc3 Bxc3 18. Qxc3 O-O 19. O-O d5 20. Nc6 bxc6 21. Qxf6 Bd7 22. h4 Qd8 23. Qd4 Qe7 24. e4 Rfb8 25. exd5 cxd5 26. Rfe1 h5 27. Qxd5 exd5 28. Rxe7 Be6 29. Rd1 Rd8 30. Rc7 Rab8 31. Rd4 Rbc8 32. Rxc8 Rxc8 33. Rd1 Rc5 34. b4 Rb5 35. a3 Kf8 36. f4 Ke7 37. Kf2 Kd6 38. Ke3 Rb6 39. Rd4 a5 40. f5 gxf5 41. Kf4 axb4 42. axb4 f6 43. Bf3 Bf7 44. Kxf5 Ke7 45. Kf4 Kd6 46. Kf5 Ke7 47. Rd2 Rxb4 48. Re2+ Kd6 49. Kxf6 Rb3 50. Kxf7 Rxf3+ 51. Kg6 Rxg3+ 52. Kxh5 d4 53. Kh6 d3 54. Re8 Kc7 55. Re1 d2 56. Rd1 Rg2 57. h5 Kd6 58. Kh7 Ke6 59. h6 Kf6 60. Kh8 Re2 61. Kh7 Re7+ 62. Kg8 Re8+ 63. Kh7 Re2 64. Rf1+ Kg5 65. Rg1+ Kf6 66. Rf1+ Ke6 67. Rd1 Rg2 68. Kh8 Kf7 69. h7 Rf2 70. Rxd2 Rxd2 1/2-1/2

[Variant "Standard"]
[Site "Europe Echecs"]

[Event "Championnat du monde jeunes U10"]
[Date "2024.11.25"]
[White "Mirzhanov, Arlan"]
[Black "Advik Amit Agrawal"]
[WhiteElo "1721"]
[BlackElo "1982"]
[Round "10.3"]
[Result "1-0"]
[TimeControl "5400+30"]

1. e4 c5 2. Nf3 Nc6 3. c3 d5 4. exd5 Qxd5 5. d4 e5 6. dxe5 Qxd1+ 7. Kxd1 Bg4 8. Bf4 Nge7 9. Bd3 O-O-O 10. Ke2 Nd5 11. Bg3 g6 12. Bb5 Bh6 13. Bxc6 bxc6 14. h3 Bf5 15. Re1 Nb4 16. Nd4 cxd4 17. cxb4 d3+ 18. Kd1 d2 19. Rg1 Rd3 20. Na3 Be6 21. b5 c5 22. b3 Rhd8 23. Bh2 g5 24. Ke2 g4 25. hxg4 Bxg4+ 26. f3 Re3+ 27. Kf2 Be6 28. Rad1 Rc3 29. Ke2 Bf5 30. g4 Re3+ 31. Kf2 Bg6 32. g5 Rdd3 33. Rxd2 Rxf3+ 34. Ke1 Rfe3+ 35. Kd1 Bh5+ 36.
Kc1 Rxd2 37. Kxd2 Re2+ 38. Kd3 Bg7 39.
Bf4 Bxe5 40. Bxe5 Rxe5 41. Nc4 Bg6+ 42.
Kd2 Rd5+ 43. Ke3 Kc7 44. Kf4 Rf5+ 45.
Kg4 Rf2 46. a3 Re2 47. Rf1 Re4+ 48.
Rf4 Re1 49. Rf6 Re6 50. Rf2 Kb7 51. Rd2 Re4+ 52. Kg3 Rd4 53. Kf3 Kc7 54. Rxd4 cxd4 55. Ke2 Be4 56. b4 Bc2 57. Kd2 Be4 58. a4 Bf5 59. Ne5 Kb6 60. Nxf7 Be6 61. Nd6 Kc7 62.
Ne8+ Kb6 63. Nf6 Bf5 64. Nd5+ Kb7 65. a5 Be4 66. Nf4 Bf5 67. Ne2 d3 68. Nf4 Bd7 69. Kxd3 Bxb5+ 70. Kd4 Kc6 71.
Ne6 Ba4 72. Kc3 Kd6 73. Nf8 Ke5 74.
Nxh7 Kf5 75. Kc4 Kg6 76. Nf6 Kxg5 77.
Nd5 Kf5 78. Kc5 Ke6 79. b5 Bb3 80. Nb4 Kd7 81. Nc6 a6 82. Nb8+ Kc7 83. Nxa6+ Kb7 84. Nb4 Be6 85. a6+ Ka8 86. b6 Bc8 87. Kb5 Bd7+ 88. Ka5 Kb8 89. Nd5 Bc6 90. Nc7 Be4 91. a7+ Kc8 92. a8=Q+ Bxa8 93. Nxa8 Kb7 94. Nc7 1-0

[Variant "Standard"]
[Site "Europe Echecs"]

[Event "Championnat du monde jeunes U10"]
[Date "2024.11.25"]
[White "Xia, Joshua"]
[Black "Sameh Mohamed, Abdalrahman"]
[WhiteElo "2052"]
[BlackElo "2238"]
[Round "10.4"]
[Result "0-1"]
[TimeControl "5400+30"]

1. e4 e5 2. Nf3 Nc6 3. Bb5 a6 4. Ba4 Nf6 5. O-O Be7 6. d3 b5 7. Bb3 d6 8. a3 O-O 9. Nc3 Bg4 10. Be3 Nd4 11. Bxd4 exd4 12. Nd5 Nd7 13. h3 Bxf3 14. Qxf3 c6 15. Nxe7+ Qxe7 16. c3 Nc5 17. Ba2 Qe5 18. Rac1 Na4 19. cxd4 Qxd4 20. Rxc6 Qxb2 21. Bd5 Nc3 22. Rxd6 Nxd5 23. Rxd5 Qxa3 24. e5 Rad8 25.
Rxd8 Rxd8 26. Qc6 h6 27. d4 Rxd4 28. Qc8+ Qf8 29. Qxa6 b4 30. e6 fxe6 31. Qxe6+ Kh7 32. Qe5 Qd8 33. Qf5+ Kh8 34. Qb5 Qd6 35. Re1 Kh7 36. Qf5+ Qg6 37. Qxg6+ Kxg6 38. Re6+ Kf5 39. Rb6 Ke4 40. Rb7 g5 41. Rb6 Kd3 42. Rxh6 b3 43. Rb6 Kc3 44. g4 b2 45. Rxb2 Kxb2 46. Kg2 Kc3 47. Kg3 Kd3 48. h4 gxh4+ 49. Kxh4 Ke4 50. Kh5 Kf4 51. f3 Rd6 0-1

[Variant "Standard"]
[Site "Europe Echecs"]

[Event "Championnat du monde jeunes U10"]
[Date "2024.11.25"]
[White "Annapureddy, Rheyansh Reddy"]
[Black "Bolashakov, Nurali"]
[WhiteElo "2122"]
[BlackElo "2005"]
[Round "10.5"]
[Result "1/2-1/2"]
[TimeControl "5400+30"]

1. e4 c6 2. d4 d5 3. exd5 cxd5 4. Bd3 Nc6 5. c3 Nf6 6. h3 Qc7 7. Nf3 g6 8. O-O Bf5 9. Re1 Bxd3 10. Qxd3 Bg7 11. Be3 O-O 12. Nbd2 a6 13. g3 b5 14. a3 Rfe8 15. Kg2 Qb7 16. Bg5 Nd7 17. Bf4 a5 18. Re2 b4 19. a4 Nd8 20. c4 Ne6 21. c5 Nxd4 22. Nxd4 Nxc5 23. Qe3 e5 24. N2f3 exf4 25. Qxe8+ Rxe8 26. Rxe8+ Bf8 27. Rc1 Qd7 28. Rxf8+ Kxf8 29. Rxc5 Qxa4 1/2-1/2

[Variant "Standard"]
[Site "Europe Echecs"]

[Event "Championnat du monde jeunes U10"]
[Date "2024.11.25"]
[White "Ling, Chenxuan"]
[Black "Kolodziejczyk, Boris"]
[WhiteElo "1967"]
[BlackElo "2115"]
[Round "10.6"]
[Result "1-0"]
[TimeControl "5400+30"]

1. d4 Nf6 2. c4 d6 3. Nc3 Nbd7 4. Nf3 g6 5. e4 Bg7 6. Be2 O-O 7. O-O e5 8. Re1 a5 9. Bf1 Re8 10. Be3 h6 11. h3 exd4 12. Bxd4 c6 13. Qc2 Qc7 14. Rad1 g5 15. b3 Ne5 16. Nxe5 dxe5 17. Be3 b6 18. a4 Bf8 19. c5 bxc5 20. Nb1 Nd7 21. Na3 Be7 22. Nc4 Nf8 23. Qc3 f6 24. Nb2 Ne6 25. Bc4 Rb8 26. Bd2 Ra8 27. Be3 Qb6 28. Qc2 Rb8 29. Qe2 Kg7 30. Qh5 Rf8 31. Rd3 Nd4 32. h4 Bd7 33. Bd2 Be8 34. Qd1 Bg6 35. h5 Be8 36. g4 Bd7 37. f3 Rfd8 38. Kf2 Ra8 39. Ree3 Rdb8 40. Be1 Qd8 41. Kg2 Bd6 42. Bc3 Qe7 43. Be1 Rd8 44. Qc1 Bc7 45. Qd1 Be6 46. Kg3 Qf7 47. Kf2 Qe8 48. Kg1 Bf7 49. Bg3 Ne6 50. Rxd8 Rxd8 51. Rd3 Nd4 52. Kg2 Be6 53. Bf2 Qe7 54. Bg3 Bf7 55. Be1 Ne6 56. Bxe6 Bxe6 57. Nc4 Bxc4 58. bxc4 Rd4 59. Bf2 Qd6 60. Bxd4 exd4 61. Rd2 Qg3+ 62. Kf1 Qh3+ 63. Ke2 Qg3 64. Kd3 Qf4 65. Qe2 Kf7 66. e5 Bxe5 67. Qe4 1-0

[Variant "Standard"]
[Site "Europe Echecs"]

[Event "Championnat du monde jeunes U10"]
[Date "2024.11.25"]
[White "Zhu, Linxi"]
[Black "Filipovs, Sergejs"]
[WhiteElo "2100"]
[BlackElo "2012"]
[Round "10.7"]
[Result "1/2-1/2"]
[TimeControl "5400+30"]

1. e4 e5 2. Nf3 Nc6 3. Bb5 Nge7 4. Nc3 g6 5. d4 exd4 6. Nd5 Bg7 7. Bg5 h6 8. Bf6 Bxf6 9. Nxf6+ Kf8 10. Qd2 d5 11. Bxc6 Nxc6 12. Nxd5 Bf5 13. Qf4 Bxe4 14. Qxe4 Qd6 15. Nxc7 Qxc7 16. O-O Rd8 17. Rad1 Kg7 18. Rfe1 Qd7 19. Ne5 Nxe5 20. Qxe5+ Kh7 21. h4 Rhe8 22. Qf6 Rc8 23. Rxe8 Qxe8 24. Rxd4 Rc6 25. Qf3 Rxc2 26. Rf4 Rc7 27. h5 Qe7 28. g3 Kg7 29. Kg2 Qe8 30. Qd3 Qd7 31. Rd4 Qc6+ 32. Kh2 Re7 33. hxg6 Qxg6 34. Qc3 Kh7 35. Rd8 Qh5+ 36. Kg1 Qe5 37. Qc2+ Qe4 38. Qc8 Qe1+ 39. Kg2 Qe5 40. a3 a6 41. Qg4 Re8 42. Rd7 Re7 43. Rd8 Re8 44. Rd2 Re7 45. Qf3 Kg7 46. Kh2 Qe4 47. Qc3+ Qe5 48. Qc8 Rc7 49. Qg4+ Qg5 50. Qd4+ Qf6 51. Qe4 Re7 52. Qg4+ Qg5 53. Qd4+ Qf6 54. Qxf6+ Kxf6 55. Kg2 Re6 56. Kf3 b5 57. Kf4 Rc6 58. Ke4 Ke6 59. f4 f5+ 60. Ke3 h5 61. Rh2 a5 62. Rxh5 Rc2 63. Rh6+ Kf7 64. Ra6 a4 65. Kd4 Rxb2 66. Ke5 Rb3 67. Kxf5 Rxg3 68. Rb6 Rxa3 69. Rxb5 Rb3 70. Ra5 a3 71. Kg5 Rg3+ 72. Kf5 Rb3 73. Ra7+ Ke8 74. Ke5 Rb5+ 75. Kf6 Rb6+ 76. Kg7 Rb4 77. f5 Rg4+ 78. Kf6 Rg3 79. Re7+ Kf8 80. Re2 Rb3 81. Rc2 Rb6+ 82. Kg5 Ra6 83. Ra2 Kf7 84. Kf4 1/2-1/2

[Variant "Standard"]
[Site "Europe Echecs"]

[Event "Championnat du monde jeunes U10"]
[Date "2024.11.25"]
[White "Tulegen, Ramazan"]
[Black "Zhang, Junyi"]
[WhiteElo "1818"]
[BlackElo "2061"]
[Round "10.8"]
[Result "1/2-1/2"]
[TimeControl "5400+30"]

1. e4 c5 2. Nf3 e6 3. d4 cxd4 4. Nxd4 Nf6 5. Nc3 Nc6 6. Ndb5 Bc5 7. Bf4 O-O 8. Bc7 Qe7 9. Bd6 Bxd6 10. Qxd6 Qd8 11. Nc7 Rb8 12. Be2 b5 13. e5 Ne8 14. Nxe8 Rxe8 15. O-O b4 16. Ne4 Bb7 17. Qc5 Ba8 18. Rfd1 Qh4 19. Nd6 Rf8 20. g3 Qd8 21. Bf3 Qg5 22. Bxc6 Bxc6 23. Qe3 Qh5 24. f4 Bd5 25. Rf1 a5 26. b3 f6 27. Rae1 fxe5 28. Qxe5 Qg6 29. Rf2 h5 30. Rd1 h4 31. f5 Qg5 32. Rxd5 exd5 33. Qxd5+ Kh7 34. Qd3 Rb6 35. Rf4 hxg3 36. f6+ g6 37. Qe4
1/2-1/2

[Variant "Standard"]
[Site "Europe Echecs"]

[Event "Championnat du monde jeunes U10"]
[Date "2024.11.25"]
[White "Melkonyan, Davit"]
[Black "Zuo, Junyu"]
[WhiteElo "1842"]
[BlackElo "2120"]
[Round "10.9"]
[Result "0-1"]
[TimeControl "5400+30"]

1. e4 c5 2. Nf3 e6 3. g3 Nc6 4. Bg2 Nf6 5. Qe2 d6 6. O-O Be7 7. c3 O-O 8. d4 cxd4 9. cxd4 e5 10. dxe5 dxe5 11. Rd1 Qc7 12. h3 Be6 13. Nc3 Rfd8 14. Be3 Nb4 15. Bf1 a6 16. Rac1 Nc6 17. Ng5 Rxd1 18. Qxd1 Rd8 19. Nxe6 fxe6 20. Qb3 Qd7 21. Bc4 Kf7 22. Rd1 Qc8 23. Bb6 Nd4 24. Bxd4 Rxd4 25. Rxd4 exd4 26. Ne2 b5 27. Bd3 Qc5 28. a4 bxa4 29. Qxa4 Qb6 30. b3 a5 31. Kg2 e5 32. Qc4+ Ke8 33. Qc8+ Qd8 34. Bb5+ Kf8 35. Qe6 Qd6 36. Qc8+ Qd8 37. Qc2 Qb8 38. Qd3 Qc7 39. f4 Bc5 40. Kf3 Ke7 41. f5 Qb7 42. Bc4 Qb4 43. Be6 Qe1 44. Kg2 Qb4 45. g4 h6 46. Kf3 Qe1 47. Kg2 Qb4 48. Kf3 Qb7 49. Qc2 Qb5 50. Qc4 Qxc4 51. Bxc4 Ba3 52. h4 Nd7 53. g5 hxg5 54. hxg5 Nc5 55. Ng3 Bc1 56. f6+ gxf6 57. Nf5+ Kf8 58. g6 Bh6 59. Nxh6 Kg7 60. Nf5+ Kxg6 61. Ne7+ Kg5 62. Nc6 f5 63. exf5 e4+ 64. Ke2 d3+ 65. Ke3 a4 66. b4 Nb3 67. Na5 d2 68. Bxb3 axb3 69. Kxd2 e3+ 70. Kxe3 b2 71. Kd4 b1=Q 72. Kc5 Kxf5 73. b5 Ke6 74. Nc6 Qg1+ 75. Kc4 Kd6 76. Nd4 Qc1+ 77. Kd3 Kd5 78. Nc2 Qf1+ 79. Kc3 Qxb5 80. Ne3+ Kc5 81. Nc2 Qe2 82. Kb3 Qd3+ 83. Kb2 Kc4 84. Na3+ Kb4 85. Nb1 Qe2+ 86. Kc1 Kb3 87. Nd2+ Kc3 88. Nb1+ Kd3 89. Na3 Qa2 90. Nb1 Qc2# 0-1

[Variant "Standard"]
[Site "Europe Echecs"]

[Event "Championnat du monde jeunes U10"]
[Date "2024.11.25"]
[White "Nguyen Truong An Khang"]
[Black "Shangin, Lev"]
[WhiteElo "1836"]
[BlackElo "2056"]
[Round "10.10"]
[Result "0-1"]
[TimeControl "5400+30"]

1. d4 Nf6 2. c4 e6 3. Nc3 Bb4 4. a3 Bxc3+ 5. bxc3 c5 6. f3 O-O 7. e4 Nc6 8. Be3 Qa5 9. Qd2 d6 10. Bd3 cxd4 11. cxd4 Qxd2+ 12. Kxd2 b6 13. Rc1 Ba6 14. Ne2 Na5 15. Rc3 Rfd8 16. Nf4 Rac8 17. Rhc1 Rc7 18. g4 Rdc8 19. c5 Bxd3 20. Kxd3 dxc5 21. dxc5 Nd7 22.
cxb6 Ne5+ 23. Kd2 Nxf3+ 24. Kd3 Ne5+ 25.
Kd2 Nb3+ 26. Rxb3 Rxc1 27. Bd4 R8c2+ 28.
Ke3 Re1+ 29. Ne2 Rcxe2+ 30. Kf4 Rxe4+ 31. Kg3 axb6 32. Rxb6 h6 0-1

[Variant "Standard"]
[Site "Europe Echecs"]

[Event "Championnat du monde jeunes U10"]
[Date "2024.11.25"]
[White "Zhauynbay, Alimzhan"]
[Black "Mulay, Vivan Prakash"]
[WhiteElo "1953"]
[BlackElo "1823"]
[Round "10.11"]
[Result "1-0"]
[TimeControl "5400+30"]

1. e4 c5 2. Nf3 d6 3. d4 cxd4 4. Nxd4 Nf6 5. Nc3 a6 6. f3 e6 7. Be3 b5 8. Qd2 Nbd7 9. g4 h6 10. h4 Bb7 11. Rg1 Nb6 12. a4 b4 13. Na2 d5 14. g5 Nfd7 15. a5 Nc4 16. Bxc4 dxc4 17. Nxb4 Ne5 18. Qc3 Bc5 19. Nxe6 Nxf3+ 20. Kf2 fxe6 21. Bxc5 Qc7 22. Qxc4 O-O-O 23. Nxa6 Rd2+ 24. Ke3 Qc6 25.
Nb4 Ne5 26. Qc3 Qxe4+ 27. Kxd2 Rd8+ 28.
Kc1 Nc4 29. b3 Qf4+ 30. Kb1 Nd2+ 31.
Kb2 Ne4 32. Bd6+ 1-0

[Variant "Standard"]
[Site "Europe Echecs"]

[Event "Championnat du monde jeunes U10"]
[Date "2024.11.25"]
[White "Aitmukhanov, Arsen"]
[Black "Fuentes de Nova, Sebastian"]
[WhiteElo "1579"]
[BlackElo "1929"]
[Round "10.12"]
[Result "1/2-1/2"]
[TimeControl "5400+30"]

1. e4 e5 2. Nf3 Nc6 3. Bc4 Bc5 4. c3 Nf6 5. d3 d6 6. O-O a5 7. a4 O-O 8. Nbd2 Be6 9. Ng5 Bxc4 10. Nxc4 h6 11. Nf3 Re8 12. Ne3 d5 13. Qc2 d4 14. Nf5 Bf8 15. Bd2 Qd7 16. c4 Nb4 17. Bxb4 axb4 18. b3 Nh5 19. Qd2 Ra6 20. Kh1 Kh7 21. g4 g6 22. gxh5 gxf5 23. Rg1 fxe4 24. dxe4 Qh3 25. Qe2 Kh8 26. Ne1 Be7 27. Rg3 Qd7 28. Nd3 Bh4 29. Rg4 Qe7 30. Rag1 Bg5 31. Qf3 f5 32. R4g2 fxe4 33. Qxe4 Qh7 34. Qxh7+ Kxh7 35. h4 Bf6 36. Nxb4 Rd6 37. Nd5 c6 38. Nxf6+ Rxf6 39. Rg7+ Kh8 40. Rd7 Rxf2 41. Rg6 e4 42. Rxh6+ Kg8 43. Rhh7 Rf4 44. Rdg7+ Kf8 45. Rxb7 Kg8 46. Rbg7+ Kf8 47. Rd7 Kg8 48. Rhg7+ Kh8 49. Rh7+ Kg8 50. Rhg7+ Kh8 51. Kg2 Rxh4 52. Rh7+ Kg8 53. Kg3 Rh1 54. h6 Rg1+ 55. Kf2 Rg6 56. Rhg7+ Rxg7 57. Rxg7+ Kh8 58. b4 e3+ 59. Ke1 d3 60. Rd7 Re4 61. Rxd3 Rxc4 62. Rb3 c5 63. bxc5 Rxc5 64. Ra3 Ra5 65. Ke2 Kh7 66. Kxe3 Kxh6 67. Kd4 Kg7 68. Kc4 Kf7 69. Kb4 Ra8 70. a5 Ke6 71. Rd3 Rb8+ 72. Kc5 Rc8+ 73. Kb6 Rb8+ 74. Kc7 Rb1 75. Rd6+ Ke7 76. Rb6 Rc1+ 77. Kb7 Kd7 78. a6 Rc7+ 79. Ka8 Rc8+ 80. Ka7 Rc7+ 81. Rb7 Kc8 82. Kb6 Rc1 83. Rh7 Rb1+ 84. Ka7 Rb2 85. Ka8 Ra2 86. Rh6 Kc7 87. Ka7 Ra1 88. Rh2 Rc1 89. Rh8 Ra1 90. Rh7+ Kc8 91. Rh2 Rc1 92. Rb2 Kc7 93. Rg2 Rc3 94. Rg7+ Kc8 95. Kb6 Rb3+ 96. Kc5 Kb8 97. Rg6 Ka7 98. Rg2 1/2-1/2

[Variant "Standard"]
[Site "Europe Echecs"]